 Dungeon Crawl Stone Soup version 0.29-a0-393-g47a863cc1b (webtiles) character file.

Game seed: 4175957633903779494

14228 jlumianski the Cleaver (level 11, -11/86 HPs)
             Began as a Demonspawn Fighter on May 10, 2022.
             Was an Elder of Wu Jian.
             Mangled by Rupert
             ... wielding a +0 great sword of holy wrath
              (21 damage)
             ... on level 12 of the Dungeon.
             The game lasted 01:03:43 (15498 turns).

jlumianski the Cleaver (Demonspawn Fighter)        Turns: 15498, Time: 01:03:43

Health: -11/86     AC: 23    Str: 21    XL:     11   Next: 86%
Magic:  11/11      EV: 15    Int:  9    God:    Wu Jian [****..]
Gold:   273        SH:  0    Dex: 13    Spells: 10/10 levels left

rFire   . . .      SeeInvis .   V - +4 quarterstaff (spect)
rCold   . . .      Faith    .   (shield currently unavailable)
rNeg    . . .      Spirit   .   Y - +2 plate armour {rPois}
rPois   +          Reflect  .   (helmet restricted)
rElec   .          Harm     .   B - +2 cloak
rCorr   .          Rampage  .   (no gloves)
Will    .....                   (no boots)
Stlth   ..........              (no amulet)
HPRegen 0.24/turn               L - +4 ring of protection
MPRegen 0.12/turn               p - +4 ring of slaying

@: mighty, agile
A: horns 1, powered by pain 2, spiny 1, sturdy frame 2
a: Renounce Religion, Wall Jump, Serpent's Lash


You were on level 12 of the Dungeon.
You worshipped Wu Jian.
Wu Jian was greatly pleased with you.
You visited 2 branches of the dungeon, and saw 13 of its levels.

You collected 717 gold pieces.
You spent 444 gold pieces at shops.

Inventory:

Hand Weapons
 P - a +0 broad axe
 U - a +0 hand crossbow
 V - a +4 spectral quarterstaff (weapon)
Missiles
 k - 5 poisoned darts
 l - 6 javelins (quivered)
 Q - 3 boomerangs
 W - a curare-tipped dart
Armour
 a - a +2 scale mail of poison resistance
 B - a +2 cloak (worn)
 O - +0 acid dragon scales
 Y - a +2 plate armour of poison resistance (worn)
Magical Staves
 f - a staff of death
Jewellery
 e - a +4 ring of protection
 p - a +4 ring of slaying (right hand)
 u - a ring of protection from fire
 w - a ring of see invisible
 x - a ring of fire
 L - a +4 ring of protection (left hand)
Wands
 o - a wand of iceblast (3)
Scrolls
 b - a scroll of fear
 g - 5 scrolls of teleportation
 H - a scroll of enchant armour
 I - 2 scrolls of magic mapping
 N - 3 scrolls of identify
Potions
 c - a potion of magic
 d - 5 potions of might
 h - 3 potions of haste
 i - a potion of brilliance
 j - 4 potions of attraction
 m - 3 potions of heal wounds
 n - a potion of invisibility
 q - a potion of flight
 r - a potion of ambrosia
 t - 3 potions of curing
 z - 4 potions of lignification
 M - a potion of resistance
 X - a potion of berserk rage


   Skills:
 + Level 7.9 Fighting
 - Level 10.5 Axes
 * Level 5.9 Staves
 + Level 0.7 Throwing
 + Level 8.2 Armour
 + Level 4.7 Dodging
 * Level 3.3 Stealth
 - Level 5.7 Shields
 * Level 3.0 Evocations


You had 10 spell levels left.
You didn't know any spells.
Your spell library contained the following spells:

 Spells                   Type           Power      Damage    Failure   Level
 Animate Skeleton         Necr           0%         N/A       92%         1
 Apportation              Tloc           0%         N/A       92%         1
 Pain                     Necr           0%         1d4       92%         1
 Summon Small Mammal      Summ           0%         N/A       92%         1
 Blink                    Tloc           0%         N/A       98%         2
 Inner Flame              Hex/Fire       0%         N/A       100%        3
 Lesser Beckoning         Tloc           0%         N/A       100%        3
 Tukima's Dance           Hex            0%         N/A       100%        3
 Vampiric Draining        Necr           0%         2d6       100%        3
 Animate Dead             Necr           0%         N/A       100%        4
 Cause Fear               Hex            0%         N/A       100%        4
 Passage of Golubria      Tloc           0%         N/A       100%        4
 Borgnjor's Vile Clutch   Necr/Erth      0%         N/A       100%        5
 Manifold Assault         Tloc           0%         N/A       100%        5
 Yara's Violent Unravell  Hex/Tmut       0%         3d3       100%        5
 Death Channel            Necr           0%         N/A       100%        6
 Discord                  Hex            0%         N/A       100%        8


Dungeon Overview and Level Annotations

Branches:
Dungeon (12/15)            Temple (1/1) D:4            Lair (0/6) D:10
    Orc (0/2) D:11

Altars:
Ashenzari
Cheibriados
Dithmenos
Elyvilon
Fedhas
Gozag
Hepliaklqana
Kikubaaqudgha
Makhleb
Nemelex Xobeh
Okawaru
Qazlal
Ru
Sif Muna
Trog
Uskayaw
Vehumet
Wu Jian
Xom
Yredelemnul
Zin
The Shining One

Shops:
D:8 *   D:10 *   D:12 =

Annotations:
D:12 Rupert


Innate Abilities, Weirdness & Mutations

You have a pair of small horns on your head.
You sometimes gain power by taking damage.
You are partially covered in sharp spines.
Your movements are less encumbered by armour. (ER -4)


Message History

Rupert is moderately wounded.
Your +4 spectral quarterstaff hits Rupert!
Rupert is struck by your spines. Rupert barely misses you.
You hit Rupert but do no damage. You headbutt Rupert!
Rupert is heavily wounded.
Your +4 spectral quarterstaff hits Rupert!
Rupert hits you with a +0 great sword of holy wrath.
You convulse!
You focus on the pain.
You feel agile all of a sudden.
You hit Rupert but do no damage. Your headbutt misses Rupert.
Rupert is heavily wounded.
Your +4 spectral quarterstaff hits Rupert!
Rupert is struck by your spines. Rupert closely misses you.
You sock Rupert!
Rupert is severely wounded.
Your +4 spectral quarterstaff hits Rupert.
Rupert roars madly and goes into a rage!
Rupert goes berserk!
You barely miss Rupert. Your headbutt misses Rupert.
Rupert is severely wounded.
Your +4 spectral quarterstaff hits Rupert!
Rupert is struck by your spines. Rupert barely misses you.
You barely miss Rupert. You headbutt Rupert, but do no damage.
Rupert is severely wounded.
Your +4 spectral quarterstaff hits Rupert!
Rupert is struck by your spines.
Rupert hits you with a +0 great sword of holy wrath!
You convulse.
Rupert hits you with a +0 great sword of holy wrath!
You convulse!
You hit Rupert. You headbutt Rupert.
Rupert is almost dead.
Your +4 spectral quarterstaff hits Rupert!
Rupert is struck by your spines.
Rupert hits you with a +0 great sword of holy wrath!!
* * * LOW HITPOINT WARNING * * *
You focus on the pain.
You feel very mighty all of a sudden.
You convulse!!
You die...

......8.<.8............#
.................).....#
........8..............#
.###########......>.^..#
.# #####.......# .#
#<......# .# #.......#
.# #..###### ## #@.#
#@(# #[.# ..## ...#
....# #...(# #....#
###..#


You could see Rupert (berserk) and a friendly +4 spectral quarterstaff
(summoned).

Vanquished Creatures
  Erica (D:9)
  A centaur warrior (D:8)
  A two-headed ogre (D:11)
  The ghost of Gelos the Carver, a novice BaFi of Cheibriados (D:7)
  A wizard (D:9)
  Pikel (D:6)
  A manticore (D:11)
  An ugly thing (D:12)
  2 cyclopes (D:11)
  Joseph (D:9)
  An unseen horror (D:11)
  5 trolls
  Grinder (D:6)
  2 hornets
  A shadow (D:12)
  6 yaks
  A basilisk (D:12)
  A wyvern (D:9)
  2 steam dragons (D:6)
  4 vampire mosquitoes (D:11)
  The ghost of Snarg the Bolt Thrower, an amateur KoHu of Lugonu (D:5)
  3 acid dragons
  4 water moccasins
  6 orc warriors
  3 black bears
  3 ice beasts
  5 ogres
  2 centaurs
  A lemure (D:6)
  A kobold brigand (D:9)
  A phantom (D:5)
  3 necrophages
  5 bullfrogs
  A gnoll sergeant (D:10)
  3 scorpions
  4 wights
  6 killer bees (D:8)
  3 howler monkeys (D:11)
  A crimson imp (D:9)
  A centaur zombie (D:5)
  A jelly (D:7)
  A gnoll shaman (D:7)
  9 orc priests
  3 bullfrog skeletons (D:5)
  5 hounds
  4 iguanas
  7 orc wizards
  8 adders
  12 gnolls
  3 shadow imps
  A white imp (D:4)
  2 ufetubi
  3 worms
  3 dart slugs
  62 orcs
  10 endoplasms
  5 giant cockroaches
  10 goblins
  9 hobgoblins
  A jackal (D:4)
  19 kobolds
  6 quokkas
  9 ball pythons
  7 bats
  5 frilled lizards
  5 rats
302 creatures vanquished.

Vanquished Creatures (others)
  40 fungi
  34 plants (D:10)
74 creatures vanquished.

Grand Total: 376 creatures vanquished

Notes
Turn   | Place    | Note
-------+----------+-------------------------------------------
     0 | D:1      | jlumianski the Demonspawn Fighter began the quest for the
                  | Orb.
     0 | D:1      | Reached XP level 1. HP: 18/18 MP: 1/1
    73 | D:1      | Reached skill level 2 in Axes
   136 | D:1      | Gained mutation: You have a pair of small horns on your
                  | head. [demonic ancestry]
   136 | D:1      | Reached XP level 2. HP: 15/24 MP: 2/2
   144 | D:1      | Found a faded altar of an unknown god.
   631 | D:1      | Gained mutation: Your movements are slightly less
                  | encumbered by armour. (ER -2) [demonic ancestry]
   631 | D:1      | Reached XP level 3. HP: 29/29 MP: 3/3
  1341 | D:2      | Gained mutation: Your movements are less encumbered by
                  | armour. (ER -4) [demonic ancestry]
  1341 | D:2      | Reached XP level 4. HP: 35/35 MP: 4/4
  1423 | D:2      | Reached skill level 3 in Axes
  2190 | D:3      | Noticed a centaur
  2200 | D:3      | Killed a centaur
  2201 | D:3      | Reached XP level 5. HP: 28/41 MP: 5/5
  2568 | D:3      | Reached skill level 4 in Axes
  2568 | D:3      | Reached skill level 1 in Dodging
  2646 | D:3      | Noticed an ogre
  2655 | D:3      | Killed an ogre
  2656 | D:3      | Reached XP level 6. HP: 17/47 MP: 6/6
  3335 | D:3      | Identified a scroll of acquirement
  3335 | D:3      | Acquired a +4 ring of protection
  3744 | D:4      | Found a staircase to the Ecumenical Temple.
  3762 | Temple   | Entered the Ecumenical Temple
  3813 | Temple   | Became a worshipper of the Wu Jian Council
  4022 | D:4      | Found a shadowy altar of Dithmenos.
  4440 | D:5      | Entered Level 5 of the Dungeon
  4725 | D:4      | Reached skill level 5 in Axes
  4818 | D:5      | Gained mutation: You sometimes gain a little power by
                  | taking damage. [demonic ancestry]
  4818 | D:5      | Reached XP level 7. HP: 41/53 MP: 7/7
  5122 | D:5      | Reached skill level 1 in Stealth
  5217 | D:5      | Reached skill level 6 in Axes
  5724 | D:5      | Found a transporter.
  5724 | D:5      | Noticed Snarg's ghost (amateur KoHu)
  5727 | D:5      | Found a transporter.
  5962 | D:5      | Reached XP level 8. HP: 44/60 MP: 8/8
  6112 | D:5      | Killed Snarg's ghost
  6452 | D:5      | Reached skill level 7 in Axes
  6782 | D:6      | Noticed Grinder
  6788 | D:6      | Paralysed by Grinder for 4 turns
  6800 | D:6      | Paralysed by Grinder for 3 turns
  6805 | D:6      | Killed Grinder
  6806 | D:6      | Reached skill level 5 in Armour
  6843 | D:6      | Noticed Pikel
  6865 | D:6      | Killed Pikel
  6865 | D:6      | Reached * piety under Wu Jian
  6866 | D:6      | Reached skill level 5 in Fighting
  6866 | D:6      | Reached skill level 8 in Axes
  6866 | D:6      | Reached XP level 9. HP: 66/68 MP: 9/9
  7854 | D:7      | Found a transporter.
  7855 | D:7      | Noticed Gelos's ghost (novice BaFi)
  7856 | D:7      | Found a transporter.
  7965 | D:7      | Reached skill level 9 in Axes
  8379 | D:7      | Killed Gelos's ghost
  8500 | D:7      | Gained mutation: You sometimes gain power by taking damage.
                  | [demonic ancestry]
  8500 | D:7      | Reached XP level 10. HP: 50/76 MP: 10/10
  8644 | D:7      | Reached skill level 5 in Shields
  9284 | D:8      | Noticed a centaur warrior
  9301 | D:8      | Killed a centaur warrior
  9535 | D:8      | Paralysed by a hornet for 1 turns
  9542 | D:8      | Reached ** piety under Wu Jian
 10087 | D:8      | Found Sethrut's Changing Room.
 10584 | D:8      | Reached skill level 10 in Axes
 10630 | D:9      | Paralysed by a hornet for 1 turns
 12008 | D:9      | Noticed Erica
 12028 | D:9      | Killed Erica
 12381 | D:9      | Noticed Joseph
 12385 | D:9      | Noticed a wizard
 12545 | D:9      | Killed Joseph
 12546 | D:9      | Gained mutation: You are partially covered in sharp spines.
                  | [demonic ancestry]
 12546 | D:9      | Reached XP level 11. HP: 74/84 MP: 11/11
 12633 | D:9      | Killed a wizard
 12975 | D:10     | Entered Level 10 of the Dungeon
 12991 | D:9      | Reached skill level 1 in Staves
 13406 | D:9      | Reached *** piety under Wu Jian
 13421 | D:10     | Found a staircase to the Lair.
 13597 | D:10     | Found Taqy's General Store.
 13605 | D:10     | Bought a +2 plate armour of poison resistance for 444 gold
                  | pieces
 14239 | D:11     | Found a staircase to the Orcish Mines.
 14660 | D:11     | Reached skill level 1 in Evocations
 14823 | D:11     | Noticed a two-headed ogre
 14828 | D:11     | Killed a two-headed ogre
 14828 | D:11     | Reached **** piety under Wu Jian
 14829 | D:11     | Reached skill level 5 in Staves
 15325 | D:12     | Noticed a cyan ugly thing
 15330 | D:12     | Killed a cyan ugly thing
 15461 | D:12     | Found Lihimn's Jewellery Shoppe.
 15487 | D:12     | Noticed Rupert
 15498 | D:12     | Mangled by Rupert

Illustrated notes

Levels and vault maps discovered:
D:1:      roderic_dead_forest, layout_loops_ring,
          shapermc_ecumenical_altar_notcrosses
D:2:      layout_basic
D:3:      layout_loops_ring
D:4:      layout_loops_corners, mainiacjoe_overflow_concentric_impassable,
          minmay_temple_entry_purple_smoke, minmay_cupped
D:5:      layout_basic, gammafunk_ghost_mausoleum, kennysheep_small_circle
D:6:      layout_loops_ring, serial_aquarium, aquarium_bridge_square
          [aquarium_subvault_bridge, aquarium_subvault_wall,
          aquarium_subvault_wall, aquarium_subvault_balcony],
          aquarium_bridge_square [aquarium_subvault_window,
          aquarium_subvault_bridge, aquarium_subvault_wall,
          aquarium_subvault_window], aquarium_window_fake,
          aquarium_window_corridor_2, aquarium_view_2d, minmay_fountain_box,
          uniq_pikel, uniq_grinder
D:7:      layout_rooms, gammafunk_ghost_smash, hangedman_decor_opposing
D:8:      layout_loops_ring, minmay_misc_feat_chi, nicolae_transmutations_shop
D:9:      layout_stronghold, lightli_wizard_tower, uniq_joseph, uniq_erica
D:10:     layout_loops_ring, due_lair_maze_entry_diamond, serial_shops,
          nicolae_stop_n_shop_1
D:11:     layout_loops_cross, hiddenorc2_lemuel, minivault_5
D:12:     layout_irregular_city, nicolae_stop_n_shop_2, uniq_nessos,
          uniq_rupert, uniq_josephine
Temple:   kilobyte_greek_temple

Skill      XL: |  1  2  3  4  5  6  7  8  9 10 11 |
---------------+----------------------------------+-----
Axes           | 2 3 4 5 6 8 9 10 | 10.5
Armour         | 3 4 5 6 7 8 |  8.2
Shields        | 3 4 5 |  5.7
Dodging        | 1 2 3 4 |  4.7
Fighting       | 4 5 6 7 |  7.9
Stealth        | 1 2 3 |  3.3
Staves         | 5 |  5.9
Evocations     | 3 |  3.0
Throwing       | |  0.7

Action                   |  1- 3 |  4- 6 |  7- 9 | 10-12 || total
-------------------------+-------+-------+-------+-------++-------
Melee: War axe           |   115 |   180 |   283 |   267 ||   845
       Headbutt          |    12 |    22 |    63 |    99 ||   196
       Quarterstaff      |       |       |       |   183 ||   183
Throw: Stone             |       |     2 |       |       ||     2
       Javelin           |       |     3 |     1 |     6 ||    10
       Dart              |       |     2 |       |       ||     2
Invok: Lunge             |       |     2 |    14 |    43 ||    59
       Whirlwind         |       |       |     5 |    21 ||    26
 Abil: Wall Jump         |       |       |       |    26 ||    26
Evoke: Wand              |       |       |       |     1 ||     1
  Use: Scroll            |       |    12 |     7 |     8 ||    27
       Potion            |       |     2 |       |     2 ||     4
Armor: Scale mail        |    48 |     9 |       |       ||    57
       Chain mail        |       |   104 |   146 |    14 ||   264
       Plate armour      |       |       |       |   270 ||   270
Dodge: Dodged            |    57 |    81 |   120 |   204 ||   462
Block: Buckler           |    33 |    49 |    91 |    78 ||   251

Table legend: (Time is in decaauts)
 A = Elapsed time spent in this place.
 B = Non-inter-level travel time spent in this place.
 C = Inter-level travel time spent in this place.
 D = Time resting spent in this place.
 E = Time spent auto-exploring this place.
 F = Levels seen in this place.
 G = Mean time per level.
                   A        B        C        D        E       F      G
               +--------+--------+--------+--------+--------+-----+--------+
         Total |  15738 |  15554 |    184 |   2565 |   8696 |  13 | 1210.6 |
       Dungeon |  15579 |  15395 |    184 |   2565 |   8625 |  12 | 1298.2 |
        Temple |    158 |    158 |      0 |      0 |     71 |   1 |  158.0 |
               +--------+--------+--------+--------+--------+-----+--------+

Top non-repeatable levels by time:
     D:9: 2724 daAuts
     D:8: 1772 daAuts
     D:5: 1764 daAuts
     D:7: 1376 daAuts
     D:6: 1237 daAuts
     D:2: 1231 daAuts
     D:3: 1200 daAuts
     D:4: 1149 daAuts
    D:11: 1080 daAuts
     D:1: 997 daAuts
    D:10: 781 daAuts
    D:12: 262 daAuts
  Temple: 158 daAuts
